 Dungeon Crawl Stone Soup version 0.25.0-15-gac7dcb8919 (console) character file.

Game seed: 7835057608378268873

175 bli the Insei (level 5, -5/41 HPs)
             Began as a Draconian Transmuter on June 28, 2020.
             Killed from afar by an orc wizard (6 damage)
             ... with a magic dart
             ... on level 4 of the Dungeon.
             The game lasted 00:11:45 (2912 turns).

bli the Insei (Draconian Transmuter)                Turns: 2912, Time: 00:11:46

Health: -5/41      AC:  5    Str: 12    XL:     5   Next: 29%
Magic:  18/18      EV: 12    Int: 13    God:
Gold:   240        SH:  0    Dex: 13    Spells: 5/9 levels left

rFire    . . .     SeeInvis .     - Unarmed
rCold    . . .     Gourm    .   (no shield)
rNeg     . . .     Faith    .   (armour unavailable)
rPois    .         Spirit   .   (helmet restricted)
rElec    .         Reflect  .   t - scarf {repulsion}
rCorr    .         Harm     .   (no gloves)
MR       .....                  (no boots)
Stlth    +.........             (no amulet)
HPRegen  0.13/turn              d - ring of magical power
MPRegen  0.16/turn              (no ring)

@: appendage (expiring), repel missiles
A: unfitting armour, horns 2, cold-blooded, AC +5
a: End Transformation


You were on level 4 of the Dungeon.
You were very hungry.
You had grown temporary horns.
You visited 1 branch of the dungeon, and saw 4 of its levels.

You collected 240 gold pieces.

Inventory:

Hand Weapons
 r - a +0 spear of venom
 w - a +1 vampiric dagger
Missiles
 a - 28 arrows
 i - 71 stones (quivered)
 m - 16 poisoned darts
 v - 3 curare-tipped darts
Armour
 f - a +0 cloak
 t - a scarf of repulsion (worn)
Jewellery
 d - a ring of magical power (left hand)
Scrolls
 b - 5 scrolls of identify {unknown}
 e - 2 scrolls of magic mapping {unknown}
 g - 2 scrolls of teleportation {unknown}
 j - 4 scrolls of enchant weapon {unknown}
 l - 2 scrolls of amnesia {unknown}
 n - 2 scrolls of immolation {unknown}
 q - a scroll of fog {unknown}
Potions
 h - a potion of heal wounds
 k - 2 potions of stabbing {unknown}
 o - a potion of might {unknown}
 p - a potion of haste {unknown}
 s - a potion of flight {unknown}
 u - a potion of cancellation {unknown}
 x - 2 potions of lignification {unknown}
 z - a potion of curing {unknown}
 A - a potion of ambrosia {unknown}
Comestibles
 c - 10 rations


   Skills:
 + Level 2.3 Fighting
 + Level 2.0 Dodging
 + Level 0.2 Stealth
 + Level 4.6 Unarmed Combat
 * Level 2.8 Spellcasting
 + Level 2.6 Transmutations


You had 5 spell levels left.
You knew the following spells:

 Your Spells              Type           Power        Failure   Level  Hunger
a - Beastly Appendage     Tmut           #.....       8%          1    #......
b - Sticks to Snakes      Tmut           #.......     12%         2    ###....
c - Corona                Hex            #......      22%         1    #......

Your spell library contained the following spells:

 Spells                   Type           Power        Failure   Level  Hunger
 Animate Skeleton         Necr           N/A          24%         1    #......
 Apportation              Tloc           #.....       24%         1    #......
 Summon Small Mammal      Summ           #...         24%         1    #......
 Spider Form              Tmut/Pois      #.........   38%         3    ###....
 Ice Form                 Ice/Tmut       #.......     80%         4    #####..
 Blade Hands              Tmut           #.........   91%         5    ######.


Dungeon Overview and Level Annotations

Branches:
Dungeon (4/15)
 Temple: D:4-7

Altars:


Innate Abilities, Weirdness & Mutations

Your plain brown scales are hard. (AC +5)
You cannot fit into any form of body armour.
You are cold-blooded and may be slowed by cold attacks.
You have a pair of horns on your head.


Message History

You hear some strange, mumbled words.
Something tries to affect you, but you resist.
You miss something. Something hits you.
You miss something. Something hits you but does no damage.
You miss something.
Your transformation is almost over.
You hear some strange, mumbled words.
A magic dart appears from out of thin air!
The magic dart hits you!
* * * LOW HITPOINT WARNING * * *
You barely miss something. Something hits you but does no damage.
The orc closely misses you.
You closely miss something. Something hits you.
* * * LOW HITPOINT WARNING * * *
The orc hits you from afar with a +0 trident!
* * * LOW HITPOINT WARNING * * *
You miss something. You headbutt something.
You hear some strange, mumbled words.
A magic dart appears from out of thin air!
The magic dart hits you.
You die...

#.#.......#
#.#.##.####
#.#.##.#
#.#<...#
#.#.####
#.#.# #o#.#
#†#.# #.#.#
#g#.#####
#.#(.@{o#
#.#####o#
#.#####.#
#..g....#
#.#####.#
### ###


You could see 2 orcs.

Vanquished Creatures
  Jessica (D:3)
  5 gnolls
  2 adders (D:3)
  An ooze (D:3)
  2 worms (D:3)
  2 dart slugs (D:1)
  3 leopard geckos
  An orc (D:4)
  3 giant cockroaches
  9 goblins
  6 hobgoblins
  5 jackals
  5 kobolds
  3 quokkas
  A ball python (D:3)
  6 bats
  6 frilled lizards
  9 rats
70 creatures vanquished.

Vanquished Creatures (collateral kills)
  A frilled lizard (D:3)
1 creature vanquished.

Grand Total: 71 creatures vanquished

Notes
Turn   | Place    | Note
-------+----------+-------------------------------------------
     0 | D:1      | bli the Draconian Transmuter began the quest for the Orb.
     0 | D:1      | Reached XP level 1. HP: 16/16 MP: 3/3
     3 | D:1      | Noticed an electric eel
     8 | D:1      | Noticed an electric eel
   154 | D:1      | Reached XP level 2. HP: 9/23 MP: 5/5
   210 | D:1      | Reached XP level 3. HP: 6/29 MP: 6/6
   786 | D:2      | Learned a level 2 spell: Sticks to Snakes
  1244 | D:2      | Learned a level 1 spell: Corona
  1603 | D:2      | Reached skill level 4 in Unarmed Combat
  1800 | D:3      | Reached XP level 4. HP: 29/36 MP: 7/7
  2034 | D:3      | Noticed Jessica
  2040 | D:3      | Killed Jessica
  2817 | D:4      | Reached XP level 5. HP: 33/41 MP: 9/9
  2911 | D:4      | HP: 1/41 [orc/+0 trident (7)]
  2912 | D:4      | Killed from afar by an orc wizard

Illustrated notes

Levels and vault maps discovered:
D:1:      arrival_aquarium_b, layout_rooms
D:2:      layout_loops_corners, minmay_circle_x
D:3:      layout_loops_ring, first_ration, uniq_jessica
D:4:      layout_basic, minmay_temple_entry_hall

Skill      XL: |  1  2  3  4  5 |
---------------+----------------+-----
Fighting       | 2 |  2.3
Unarmed Combat | 4 |  4.6
Dodging        | 2 |  2.0
Stealth        | |  0.2
Spellcasting   | |  2.8
Transmutations | |  2.6

Action                   |  1- 3 |  4- 6 || total
-------------------------+-------+-------++-------
Melee: Unarmed           |   149 |    86 ||   235
       Tailslap          |    18 |     4 ||    22
       Headbutt          |     2 |     5 ||     7
       Kick              |     8 |     8 ||    16
       Punch             |     1 |     2 ||     3
Throw: Stone             |       |     1 ||     1
 Cast: Beastly Appendage |    15 |    10 ||    25
       Sticks to Snakes  |     2 |     2 ||     4
       Corona            |       |     3 ||     3
  Use: Potion            |       |     3 ||     3
 Stab: Sleeping          |     1 |     1 ||     2
  Eat: Chunk             |     3 |     3 ||     6
Armor: Skin              |    29 |    17 ||    46
Dodge: Dodged            |    80 |    55 ||   135
